 Dungeon Crawl Stone Soup version 0.20-a0-16-g0876c8e (webtiles) character file.

33 JustSomeDude the Skirmisher (level 3, -4/43 HPs)
             Began as a Demonspawn Abyssal Knight on Nov 4, 2016.
             Was a Believer of Lugonu.
             Slain by a gnoll
             ... wielding a +0 halberd
              (8 damage)
             ... on level 1 of the Dungeon.
             The game lasted 00:02:32 (835 turns).

JustSomeDude the Skirmisher (DsAK)                   Turns: 835, Time: 00:02:32

Health: -4/43      AC:  7    Str: 17    XL:     3   Next: 12%
Magic:  3/4        EV: 11    Int: 13    God:    Lugonu [**....]
Gold:   49         SH:  0    Dex: 13    Spells: 0 memorised, 2 levels left

rFire  . . .     SeeInvis .     a - +1 hand axe
rCold  . . .     Gourm    .     d - +0 ring mail
rNeg   . . .     Faith    .     (no shield)
rPois  .         Spirit   .     (helmet restricted)
rElec  .         Reflect  .     (no cloak)
rCorr  .         Harm     .     (no gloves)
MR     .....                    (no boots)
Stlth  ..........               (no amulet)
                                (no ring)
                                e - +2 ring of protection

@: berserking, very quick
A: horns 2
a: Depart the Abyss, Bend Space, Renounce Religion


You were on level 1 of the Dungeon.
You worshipped Lugonu.
Lugonu was pleased with you.
You were not hungry.

You visited 1 branch of the dungeon, and saw 1 of its levels.
You visited the Abyss 1 time.

You collected 49 gold pieces.

Inventory:

Hand Weapons
 a - a +1 hand axe (weapon)
Armour
 d - a +0 ring mail (worn)
Jewellery
 e - a +2 ring of protection (left hand)
Scrolls
 f - a scroll of blinking {unknown}
 h - a scroll of amnesia {unknown}
 i - a scroll of remove curse {unknown}
 l - a scroll of fog {unknown}
 m - a scroll of noise {unknown}
Potions
 g - a potion of brilliance {unknown}
 k - a potion of curing {unknown}
Comestibles
 c - a bread ration


   Skills:
 + Level 3.6 Fighting
 + Level 2.2 Axes
 + Level 2.0 Armour
 + Level 1.1 Dodging
 + Level 2.5 Invocations


You had 2 spell levels left.
You didn't know any spells.

Dungeon Overview and Level Annotations

Branches:
Dungeon (1/15)

Altars:


Innate Abilities, Weirdness & Mutations

You have a pair of horns on your head.


Message History

You hit the gnoll.
The gnoll is almost dead.
The gnoll hits you with a halberd.
You hit the gnoll but do no damage.
The gnoll is almost dead.
The gnoll hits you with a halberd.
You hit the gnoll but do no damage.
The gnoll is almost dead.
The gnoll hits you with a halberd.
* * * LOW HITPOINT WARNING * * *
You are too injured to fight recklessly!
You are too injured to fight recklessly!
You are too injured to fight recklessly!
Space bends around you!
You blink.
* * * LOW HITPOINT WARNING * * *
It was a potion of berserk rage.
A red film seems to cover your vision as you go berserk!
You feel yourself moving faster!
You feel mighty!
The gnoll hits you from afar with a halberd!
You die...

....#.# #.##..# #.#.## ..###.#
### #.##..# #.#.# ..[...# ..#
#.##..# #.#.## ..##### #.#
#.##..###..... .###.# #.#
#.##.......... .###.# #.#
#.##.######.#. .....# #.# #.##.#
#.#. ###### #.# #.##.######.#.
################@###.##.........#
.....................#########...
.#####.#######g#.##### #..> .#
#...# #.#.#############... .#
#.### #....##............. .# #.#
#.......####.#####.. .# #.#
#....#######.# #.. .# #.#
#............# #..
.###.##########################.#


You could see a gnoll.

Vanquished Creatures
  2 dart slugs (D:1)
  4 bats (D:1)
  A giant cockroach (D:1)
  5 goblins (D:1)
  8 hobgoblins (D:1)
  3 frilled lizards (D:1)
  3 rats (D:1)
26 creatures vanquished.

Notes
Turn   | Place    | Note
-------+----------+-------------------------------------------
     0 | Abyss:1  | JustSomeDude the Demonspawn Abyssal Knight began the quest for the Orb.
     0 | Abyss:1  | Reached XP level 1. HP: 18/18 MP: 2/2
    10 | D:1      | Escaped the Abyss
    88 | D:1      | Gained mutation: You have a pair of small horns on your head. [demonic ancestry]
    88 | D:1      | Reached XP level 2. HP: 14/24 MP: 3/3
   236 | D:1      | Reached skill level 1 in Dodging
   328 | D:1      | Reached ** piety under Lugonu
   584 | D:1      | Gained mutation: You have a pair of horns on your head. [demonic ancestry]
   584 | D:1      | Reached XP level 3. HP: 24/29 MP: 4/4
   835 | D:1      | Slain by a gnoll

Vault maps used:
D:1:      dpeg_arrival_court

Skill      XL: |  1  2 |
---------------+-------+-----
Dodging        | 1 |  1.1
Axes           | 2 |  2.2
Armour         | 2 |  2.0
Fighting       | |  3.6
Invocations    | |  2.5

Action                   || total
-------------------------++-------
Melee: Hand axe          ||    82
       Headbutt          ||     3
Invok: Bend Space        ||     1
  Use: Potion            ||     1
Armor: Ring mail         ||    35
       Leather armour    ||     3
Dodge: Dodged            ||    50
